 Dungeon Crawl Stone Soup version 0.27.1-34-g3ba077fa99 (webtiles) character file.

Game seed: 7959274509947876168

7 Sharkman1231 the Vexing (level 1, 0/14 HPs)
             Began as a Demonspawn Enchanter on Jan 19, 2022.
             Slain by an adder (1 damage)
             ... on level 2 of the Dungeon.
             The game lasted 00:01:29 (810 turns).

Sharkman1231 the Vexing (Demonspawn Enchanter)       Turns: 810, Time: 00:01:30

Health: 0/14       AC:  2    Str:  8    XL:     1   Next: 91%
Magic:  3/3        EV: 12    Int: 16    God:
Gold:   8          SH:  0    Dex: 13    Spells: 3/4 levels left

rFire    . . .     SeeInvis .   a - +1 dagger
rCold    . . .     Faith    .   (no shield)
rNeg     . . .     Spirit   .   b - +0 robe
rPois    .         Reflect  .   (no helmet)
rElec    .         Harm     .   (no cloak)
rCorr    .         Rampage  .   (no gloves)
Will     .....                  (no boots)
Stlth    ++........             (no amulet)
HPRegen  0.04/turn              (no ring)
MPRegen  0.08/turn              (no ring)

@: no status effects
A: no striking features
a: no special abilities


You were on level 2 of the Dungeon.
You visited 1 branch of the dungeon, and saw 2 of its levels.

You collected 8 gold pieces.

Inventory:

Hand Weapons
 a - a +1 dagger (weapon)
Armour
 b - a +0 robe (worn)
Scrolls
 d - a scroll of identify {unknown}
 e - a scroll of amnesia {unknown}


   Skills:
 + Level 0.4 Fighting
 + Level 1.1 Short Blades
 + Level 1.9 Dodging
 + Level 2.8 Stealth
 - Level 2.0 Spellcasting
 + Level 3.1 Hexes


You had 3 spell levels left.
You knew the following spells:

 Your Spells              Type           Power      Damage    Failure   Level
a - Corona                Hex            12%        N/A       6%          1

Your spell library contained the following spells:

 Spells                   Type           Power      Damage    Failure   Level
 Ensorcelled Hibernation  Hex/Ice        12%        N/A       17%         2
 Confusing Touch          Hex            11%        N/A       17%         3
 Tukima's Dance           Hex            11%        N/A       17%         3
 Foxfire                  Conj/Fire      4%         2x1d4     21%         1
 Dazzling Flash           Conj/Hex       12%        N/A       32%         3


Dungeon Overview and Level Annotations

Branches:
Dungeon (2/15)

Altars:
Uskayaw


Message History

The goblin shouts!
There are monsters nearby!
A frilled lizard comes into view.
The quokka bites you.
The frilled lizard hisses angrily.
You hit the quokka but do no damage. The quokka bites you.
The quokka bites you.
* * * LOW HITPOINT WARNING * * *
The goblin hits you with a +0 club.
* * * LOW HITPOINT WARNING * * *
The quokka bites you.
* * * LOW HITPOINT WARNING * * *
You aren't carrying any potions.
Okay, then.
Unknown command.
Unknown command.
Unknown command.
Unknown command.
You aren't carrying any potions.
As you read the scroll labelled HODOECHEEF, it crumbles to dust.
You feel strangely unstable.
It was a scroll of teleportation.
The quokka bites you but does no damage.
Your surroundings suddenly seem different.
You see here a +0 dagger.
There is a stone staircase leading down here.
You climb downwards.
Found 8 gold pieces.
There is a stone staircase leading up here.
The helpless adder fails to defend itself.
You puncture the adder!
The adder is severely wounded.
The adder hisses angrily.
The adder closely misses you.
You closely miss the adder.
The adder is severely wounded.
The adder completely misses you.
You miss the adder.
The adder is severely wounded.
The adder bites you.
You die...

...###...+... .
...###..#..# #.
S..###.#..##
##. ...####...
###. ...###S##
#####+####...#
............$##
#...@.......
#....S...##...
########...#
##.# .# #


You could see 2 adders and a ball python (asleep).

Vanquished Creatures
  A goblin (D:1)
  A kobold (D:1)
  A quokka (D:1)
  A ball python (D:1)
  A frilled lizard (D:1)
  3 rats (D:1)
8 creatures vanquished.

Notes
Turn   | Place    | Note
-------+----------+-------------------------------------------
     0 | D:1      | Sharkman1231 the Demonspawn Enchanter began the quest for
                  | the Orb.
     0 | D:1      | Reached XP level 1. HP: 13/13 MP: 3/3
    66 | D:1      | Found a faded altar of an unknown god.
    71 | D:1      | Got Plato's Incunabulum of the Assorted Dreams
    72 | D:1      | Became a worshipper of Uskayaw the Reveller
    72 | D:1      | Reached * piety under Uskayaw
   100 | D:1      | Reached skill level 1 in Short Blades
   202 | D:1      | Fell from the grace of Uskayaw
   810 | D:2      | Slain by an adder

Illustrated notes

Levels and vault maps discovered:
D:1:      dpeg_arrival_signposts, layout_basic,
          shapermc_ecumenical_altar_rom_forum
D:2:      layout_rooms, serial_shops, shop, minmay_quadrilaterals

Skill      XL: |  1 |
---------------+----+-----
Short Blades   | 1 |  1.1
Fighting       | |  0.4
Dodging        | |  1.9
Stealth        | |  2.8
Spellcasting   | |  2.0
Hexes          | |  3.1

Action                   || total
-------------------------++-------
Melee: Dagger            ||    31
Invok: Renounce Religion ||     1
  Use: Scroll            ||     1
 Stab: Sleeping          ||     3
Armor: Robe              ||     1
Dodge: Dodged            ||    17
